 Dungeon Crawl Stone Soup version 0.19.4-8-ga85b6b9 (webtiles) character file.

34143 Dickchan the Severer (level 13, -3/127 HPs)
             Began as a Hill Orc Fighter on Feb 13, 2017.
             Was a High Priest of Uskayaw.
             Killed from afar by a raiju (17 damage)
             ... with a living lightning
             ... on level 3 of the Abyss.
             The game lasted 00:38:06 (14660 turns).

Dickchan the Severer (Hill Orc Fighter)            Turns: 14660, Time: 00:38:06

Health: -3/127     AC: 18    Str: 24    XL:     13   Next: 75%
Magic:  9/9        EV:  7    Int: 11    God:    Uskayaw [*****.]
Gold:   816        SH: 26    Dex: 10    Spells: 0 memorised, 12 levels left

rFire  . . .     SeeInvis +     Q - +2 war axe (vamp)
rCold  . . .     Gourm    .     b - +0 scale mail
rNeg   . . .     Faith    .     q - +3 large shield
rPois  .         Spirit   .     I - +0 helmet {Int+3}
rElec  .         Reflect  +     (no cloak)
rCorr  .         Harm     .     Y - +0 pair of gloves
MR     .....                    j - +0 pair of boots
Stlth  ..........               D - +5 amulet of reflection
                                m - +5 ring of protection
                                H - ring of see invisible

@: glowing
A: blurry vision 1, deterioration 1, low mp 3
a: Stomp, Line Pass, Grand Finale, Renounce Religion


You were on level 3 of the Abyss.
You worshipped Uskayaw.
Uskayaw was noncommittal.
You were very hungry.

You visited 2 branches of the dungeon, and saw 15 of its levels.
You visited the Abyss 1 time.

You collected 816 gold pieces.

Inventory:

Hand Weapons
 o - a +1 war axe of freezing
 p - the +5 mace of the Reaper {crush, rPois, unknown}
   (You found it on level 14 of the Dungeon)

   It inflicts extra damage upon your enemies.
   It protects you from poison.
 w - a +2 war axe of flaming
 x - a +0 double sword of flaming
 A - a +3 flail of holy wrath
 Q - a +2 vampiric war axe (weapon)
Armour
 b - a +0 scale mail (worn)
 j - a +0 pair of boots (worn)
 q - a +3 large shield (worn)
 I - a +0 helmet of intelligence (worn)
 Y - a +0 pair of gloves (worn)
Jewellery
 c - an uncursed ring of protection from fire
 m - a +5 ring of protection (right hand)
 D - a +5 amulet of reflection (around neck)
 H - a ring of see invisible (left hand)
 N - an uncursed amulet of the gourmand
Wands
 i - a wand of paralysis (14/24)
 r - a wand of lightning (5/15)
 K - a wand of confusion (18/48)
 L - a wand of enslavement (3/24)
 R - a wand of lightning (7/15)
 S - a wand of flame (30/48)
 Z - a wand of digging (18/24)
Scrolls
 e - 8 scrolls of remove curse
 s - 13 scrolls of identify
 y - a scroll of fear
 P - a scroll of teleportation
Potions
 d - 2 potions of might
 k - 4 potions of curing {unknown}
 n - 2 potions of lignification {unknown}
 u - 3 potions of degeneration {unknown}
 v - 2 potions of mutation {unknown}
 z - a potion of cancellation {unknown}
 B - 2 potions of flight {unknown}
 C - 2 potions of berserk rage {unknown}
 E - 2 potions of agility {unknown}
 F - 2 potions of haste {unknown}
 O - 2 potions of heal wounds {unknown}
 T - 2 potions of invisibility {unknown}
 V - 3 potions of brilliance {unknown}
 X - 2 potions of magic {unknown}
Books
 a - a book of Enchantments

   Spells                             Type                      Level
   a - Cause Fear                     Hexes                        4
   b - Yara's Violent Unravelling     Hexes/Transmutation          5
   c - Silence                        Hexes/Air                    5
   d - Deflect Missiles               Charms/Air                   6
   e - Discord                        Hexes                        8
 U - a book of Necromancy

   Spells                             Type                      Level
   a - Pain                           Necromancy                   1
   b - Animate Skeleton               Necromancy                   1
   c - Vampiric Draining              Necromancy                   3
   d - Regeneration                   Charms/Necromancy            3
   e - Animate Dead                   Necromancy                   4
   f - Control Undead                 Necromancy                   4
Comestibles
 f - 11 bread rations
 g - 9 meat rations
 h - 9 slices of pizza
 l - 12 fruits
 t - a royal jelly
 W - a beef jerky


   Skills:
 * Level 15.5 Fighting
 * Level 16.8 Axes
 + Level 10.7 Armour
 + Level 11.0 Shields


You had 12 spell levels left.
You didn't know any spells.

Dungeon Overview and Level Annotations

Branches:
Dungeon (14/15)            Temple (1/1) D:4            Lair (0/6) D:10
    Orc (0/2) D:11         Vaults (0/5) D:13

Altars:
Elyvilon
Fedhas
Gozag
Kikubaaqudgha
Makhleb
Nemelex Xobeh
Okawaru
Ru
Trog
Uskayaw
Vehumet
Xom
Yredelemnul
Zin
The Shining One

Shops:
D:7 *   D:11 ?[*   D:14 }

Annotations:
D:14 Louise


Innate Abilities, Weirdness & Mutations

[Scrolls take you a little longer to read.]
[Your body sometimes deteriorates upon taking damage.]
[Your magical capacity is extremely low. (-30% MP)]


Message History

You slash the angel!
The angel is moderately wounded.
You hit the thrashing horror.
You block the thrashing horror's attack. x2
The angel hits you with a sacred scourge of holy wrath!!
* * * LOW HITPOINT WARNING * * *
The angel hits you but does no damage.
You can now merge with and destroy a victim.
A large abomination comes into view.
You hit the angel.
The angel is moderately wounded.
You slash the thrashing horror!
You destroy the thrashing horror!
You block the angel's attack.
The angel hits you with a sacred scourge of holy wrath!
* * * LOW HITPOINT WARNING * * *
You block the angel's attack. x2
The raiju bursts into living lightning!
The living lightning hits you!
You die...

# ..## ... ##
#.#.#. ..## #
##.###...#.####
....#.#...#
.....#...# # ..
.####.#.[##e##.#..
..........§§......%
........A........ .
..(....@.h.........
...##....).##X...§.
#......# . . .
#.#....# ...#.#
#..##.##.#.....#
#.. ..# .... ?# ..
#.#. #####... ...
.. # . .


You could see an angel, a deep elf sorcerer, a large abomination and a raiju.

Vanquished Creatures
  Frances (D:13)
  Snorg (D:12)
  Josephine (D:11)
  A vault guard (D:14)
  A hydra (D:13)
  The ghost of Naow the Severer, a novice MiBe of Trog (D:9)
  Urug (D:13)
  A thrashing horror (Abyss:3)
  4 skeletal warriors
  Nergalle (D:12)
  A wretched star (Abyss:3)
  5 hill giants
  11 ugly things
  A manticore (D:11)
  2 cyclopes
  A large abomination (Abyss:3)
  A worldbinder (Abyss:3)
  A spiny frog (shapeshifter) (D:14)
  3 trolls
  A two-headed ogre (D:9)
  Grinder (D:5)
  A raiju (Abyss:3)
  Sigmund (D:6)
  A ynoxinul (Abyss:3)
  3 shadows
  2 vampires
  3 wraiths (D:11)
  3 wyverns
  2 hungry ghosts (D:9)
  21 yaks
  5 vampire mosquitoes (D:13)
  A chaos spawn (Abyss:3)
  A soldier ant (D:12)
  Edmund (D:5)
  A water moccasin (D:10)
  12 orc warriors
  3 sky beasts
  5 ice beasts
  2 phantoms
  10 ogres
  8 centaurs
  2 crocodiles
  2 big kobolds
  5 bullfrogs
  A wyvern zombie (D:12)
  A scorpion (D:11)
  12 killer bees
  6 howler monkeys
  3 wights (D:8)
  An electric eel (D:8)
  7 crimson imps
  3 centaur zombies
  A quasit (D:11)
  8 orc priests
  7 hounds
  3 jellies
  18 orc wizards
  2 bullfrog skeletons
  2 centaur skeletons
  2 iguanas
  A killer bee zombie (D:9)
  9 worker ants
  A hound skeleton (D:4)
  2 worker ant zombies
  A howler monkey skeleton (D:9)
  13 adders
  A gnoll (D:1)
  4 shadow imps
  An ooze (D:5)
  An adder zombie (D:5)
  An adder skeleton (D:5)
  A worm (D:3)
  4 dart slugs
  5 leopard geckos
  82 orcs
  6 giant cockroaches
  6 goblins
  10 hobgoblins
  16 jackals
  5 quokkas
  2 ball pythons
  11 bats
  A frilled lizard (D:4)
  15 kobolds
  A quokka skeleton (D:9)
  A quokka zombie (D:8)
  12 rats
426 creatures vanquished.

Vanquished Creatures (others)
  2 centaurs (D:8)
2 creatures vanquished.

Grand Total: 428 creatures vanquished

Notes
Turn   | Place    | Note
-------+----------+-------------------------------------------
     0 | D:1      | Dickchan the Hill Orc Fighter began the quest for the Orb.
     0 | D:1      | Reached XP level 1. HP: 19/19 MP: 1/1
    64 | D:1      | Reached XP level 2. HP: 24/27 MP: 2/2
   125 | D:1      | Reached skill level 3 in Axes
   257 | D:1      | Reached XP level 3. HP: 28/34 MP: 1/3
   769 | D:2      | Reached XP level 4. HP: 33/41 MP: 4/4
   945 | D:2      | Reached skill level 5 in Fighting
  1009 | D:2      | Found a faded altar of an unknown god.
  1228 | D:3      | Reached skill level 4 in Axes
  1425 | D:3      | Reached XP level 5. HP: 28/48 MP: 3/5
  2093 | D:4      | Found a burning altar of Makhleb.
  2093 | D:4      | Found a shimmering altar of Xom.
  2093 | D:4      | Found a sparkling altar of Nemelex Xobeh.
  2094 | D:4      | Found a white marble altar of Elyvilon.
  2096 | D:4      | Found a bloodstained altar of Trog.
  2097 | D:4      | Found a sacrificial altar of Ru.
  2098 | D:4      | Found a radiant altar of Vehumet.
  2280 | D:4      | Noticed an ogre
  2294 | D:4      | Killed an ogre
  2294 | D:4      | Reached skill level 5 in Axes
  2294 | D:4      | Reached XP level 6. HP: 39/57 MP: 3/6
  2477 | D:4      | Found a staircase to the Ecumenical Temple.
  2555 | Temple   | Entered the Ecumenical Temple
  2563 | Temple   | Became a worshipper of Uskayaw the Reveler
  2598 | D:5      | Entered Level 5 of the Dungeon
  2610 | D:5      | Reached * piety under Uskayaw
  2751 | D:5      | Reached ** piety under Uskayaw
  2894 | D:5      | Reached XP level 7. HP: 50/63 MP: 7/7
  2923 | D:5      | Reached skill level 6 in Axes
  3100 | D:5      | Found a sparkling altar of Nemelex Xobeh.
  3111 | D:5      | Noticed Edmund
  3160 | D:5      | Reached *** piety under Uskayaw
  3166 | D:5      | Killed Edmund
  3166 | D:5      | Reached **** piety under Uskayaw
  3417 | D:5      | Noticed Grinder
  3434 | D:5      | Paralysed by Grinder for 7 turns
  3441 | D:5      | Killed Grinder
  3441 | D:5      | Reached skill level 7 in Axes
  3441 | D:5      | Reached skill level 5 in Armour
  3441 | D:5      | Reached skill level 5 in Shields
  3441 | D:5      | Reached XP level 8. HP: 7/73 MP: 1/8
  3787 | D:5      | Found a glowing golden altar of the Shining One.
  4352 | D:6      | Reached skill level 8 in Axes
  4517 | D:6      | Found an opulent altar of Gozag.
  4724 | D:6      | Noticed Sigmund
  4731 | D:6      | Killed Sigmund
  4760 | D:6      | Found a sacrificial altar of Ru.
  4816 | D:6      | Reached skill level 9 in Axes
  4816 | D:6      | Reached XP level 9. HP: 39/82 MP: 3/9
  5293 | D:7      | Found Qohid's Assorted Antiques.
  5913 | D:8      | Reached skill level 10 in Axes
  6454 | D:8      | Reached skill level 10 in Fighting
  6766 | D:8      | Reached XP level 10. HP: 93/93 MP: 10/10
  6832 | D:8      | Reached skill level 11 in Axes
  7285 | D:9      | Reached ***** piety under Uskayaw
  7645 | D:9      | Noticed Naow's ghost (novice MiBe)
  7668 | D:9      | Killed Naow's ghost
  7668 | D:9      | Reached skill level 12 in Axes
  8085 | D:10     | Entered Level 10 of the Dungeon
  8218 | D:10     | Reached XP level 11. HP: 104/104 MP: 11/11
  8550 | D:10     | Found a staircase to the Lair.
  8846 | D:10     | Noticed a hill giant
  8855 | D:10     | Killed a hill giant
  9321 | D:11     | Found a staircase to the Orcish Mines.
  9451 | D:11     | Noticed Josephine
  9465 | D:11     | Reached ****** piety under Uskayaw
  9467 | D:11     | Killed Josephine
  9467 | D:11     | Reached skill level 13 in Axes
  9789 | D:11     | Found Woquug's Armour Emporium.
  9810 | D:11     | Found Latz's Magic Scroll Boutique.
  9855 | D:11     | Noticed a cyclops
  9871 | D:11     | Killed a cyclops
 10015 | D:11     | Found Urphavve's Assorted Antiques.
 10161 | D:11     | Noticed a hill giant
 10162 | D:11     | Noticed a manticore
 10172 | D:11     | Killed a hill giant
 10179 | D:11     | Killed a manticore
 10444 | D:11     | Paralysed by an orc for 7 turns
 10506 | D:11     | Reached skill level 14 in Axes
 10540 | D:12     | Noticed a cyclops
 10541 | D:12     | Noticed a skeletal warrior
 10542 | D:12     | Noticed a skeletal warrior
 10542 | D:12     | Noticed a skeletal warrior
 10543 | D:12     | Noticed a skeletal warrior
 10549 | D:12     | Killed a cyclops
 10549 | D:12     | Reached XP level 12. HP: 115/115 MP: 12/12
 11656 | D:12     | Noticed Snorg
 11721 | D:12     | Killed Snorg
 12008 | D:12     | Noticed Nergalle
 12240 | D:12     | Killed Nergalle
 12240 | D:12     | Reached skill level 15 in Axes
 12548 | D:13     | Noticed Urug
 12616 | D:13     | Killed Urug
 12766 | D:13     | Reached skill level 10 in Shields
 12787 | D:13     | Noticed Frances
 12794 | D:13     | Noticed a soul eater
 12797 | D:13     | Noticed a soul eater
 12814 | D:13     | Killed Frances
 12814 | D:13     | Reached skill level 10 in Armour
 12814 | D:13     | Reached XP level 13. HP: 110/125 MP: 13/13
 12956 | D:13     | Noticed an ice dragon
 12961 | D:13     | Noticed an emperor scorpion
 12961 | D:13     | an ice dragon changed into an emperor scorpion
 13245 | D:13     | Reached skill level 16 in Axes
 13509 | D:13     | Found a gate to the Vaults.
 13791 | D:14     | Found Vish's Gadget Boutique.
 13858 | D:14     | Noticed a vault guard
 13879 | D:14     | Killed a vault guard
 13879 | D:14     | Reached skill level 15 in Fighting
 14107 | D:14     | Got a shimmering mace
 14350 | D:14     | Noticed Louise
 14370 | D:14     | Cast into level 3 of the Abyss (Louise)
 14644 | Abyss:3  | Noticed an angel
 14659 | Abyss:3  | Noticed a deep elf sorcerer
 14660 | Abyss:3  | Killed from afar by a raiju

Skill      XL: |  1  2  3  4  5  6  7  8  9 10 11 12 13 |
---------------+----------------------------------------+-----
Fighting       | 4 5 6 7 8 10 11 13 14 15 | 15.5
Axes           | 3 4 5 7 9 10 12 14 15 16 | 16.8
Armour         | 4 5 6 7 8 10 | 10.7
Shields        | 4 5 6 7 9 10 11 | 11.0

Action                   |  1- 3 |  4- 6 |  7- 9 | 10-12 | 13-15 || total
-------------------------+-------+-------+-------+-------+-------++-------
Melee: War axe           |   100 |   191 |   371 |   509 |   190 ||  1361
       Flail             |       |       |       |   289 |       ||   289
       Hand axe          |       |       |       |    18 |       ||    18
       Double sword      |       |       |       |     8 |    14 ||    22
  Use: Potion            |       |     1 |       |       |       ||     1
       Scroll            |       |       |       |    15 |     3 ||    18
 Stab: Paralysed         |       |       |    10 |    50 |    20 ||    80
  Eat: Chunk             |       |     7 |    13 |    41 |    48 ||   109
Armor: Scale mail        |    48 |   113 |   122 |   246 |    47 ||   576
Dodge: Dodged            |    45 |    57 |    69 |   165 |    21 ||   357
Block: Shield            |    72 |   116 |   202 |   402 |       ||   792
       Reflection        |       |       |     5 |     8 |     2 ||    15
       Large shield      |       |       |       |   259 |   189 ||   448
       Rpst.: Double sword |       |       |       |       |     1 ||     1
